 Dungeon Crawl Stone Soup version 0.25.1-2-g60ff931df9 (webtiles) character file.

Game seed: 13880931736521258812

9671 RUZZLEFAZAZZLE the Grappler (level 11, -3/119 HPs)
             Began as a Troll Monk on Aug 25, 2020.
             Slain by a warg (15 damage)
             ... on level 11 of the Dungeon.
             The game lasted 00:29:49 (8983 turns).

RUZZLEFAZAZZLE the Grappler (Troll Monk)            Turns: 8983, Time: 00:29:50

Health: -3/119     AC: 12    Str: 30    XL:     11   Next: 26%
Magic:  10/10      EV:  7    Int:  6    God:
Gold:   485        SH:  0    Dex: 18    Spells: 10/10 levels left

rFire    . . .     SeeInvis .     - Unarmed
rCold    . . .     Gourm    +   g - +0 kite shield
rNeg     . . .     Faith    .   F - +0 troll leather armour
rPois    .         Spirit   .   (helmet restricted)
rElec    .         Reflect  .   l - +2 cloak {MR+}
rCorr    .         Harm     .   (gloves unavailable)
MR       +....                  (boots unavailable)
Stlth    ++........             (no amulet)
HPRegen  1.09/turn              e - +6 ring of strength
MPRegen  0.12/turn              h - +6 ring of dexterity

@: about to teleport, very slightly contaminated, held, invisible
A: large, unfitting armour, claws 3, fast metabolism 3, gourmand, regeneration
1, robust 1, shaggy fur 1, tough skin 3, MP-powered wands
a: no special abilities


You were on level 11 of the Dungeon.
You were very full.

You visited 1 branch of the dungeon, and saw 11 of its levels.
You also visited: Sewer and Ossuary.

You collected 734 gold pieces.
You spent 249 gold pieces at shops.

Inventory:

Armour
 a - +0 steam dragon scales
 g - a +0 kite shield (worn)
 l - a +2 cloak of magic resistance (worn)
 F - a +0 troll leather armour (worn)
Jewellery
 e - a +6 ring of strength (left claw)
 f - an uncursed ring of positive energy
 h - a +6 ring of dexterity (right claw)
 j - the ring "Aviufef" {+Inv +Fly rN+ Int+4 Stlth+}
   (You found it on level 6 of the Dungeon)

   [ring of flight]

   It affects your intelligence (+4).
   It protects you from negative energy.
   It lets you turn invisible.
   It lets you fly.
   It makes you more stealthy.
 k - a +4 ring of protection
 p - an uncursed ring of poison resistance
 t - an uncursed ring of teleportation
Wands
 d - a wand of disintegration (17)
 m - a wand of paralysis (7)
 n - a wand of acid (8)
 r - a wand of flame (14)
 D - a wand of random effects (23)
Scrolls
 c - 4 scrolls of remove curse
 i - 9 scrolls of identify
 q - 2 scrolls of amnesia
 w - 4 scrolls of fear
 y - a scroll of silence
 A - 3 scrolls of fog
 B - a scroll of enchant weapon
Potions
 o - a potion of invisibility
 s - 2 potions of stabbing
 v - a potion of flight
 x - 2 potions of lignification
 z - a potion of curing
 C - a potion of brilliance
 G - a potion of cancellation
 H - 2 potions of haste
Comestibles
 b - 24 rations


   Skills:
 + Level 7.1 Fighting
 + Level 6.5 Armour
 + Level 7.2 Dodging
 - Level 1.0 Stealth
 + Level 6.5 Shields
 + Level 8.6 Unarmed Combat


You had 10 spell levels left.
You didn't know any spells.
Your spell library contained the following spells:

 Spells                   Type           Power        Failure   Level  Hunger
 Shock                    Conj/Air       #...         67%         1    ##.....
 Swiftness                Chrm/Air       #.......     80%         2    ###....
 Confusing Touch          Hex            #.......     95%         3    ####...
 Gell's Gravitas          Tloc           #.........   95%         3    ####...
 Recall                   Summ/Tloc      N/A          95%         3    ####...
 Static Discharge         Conj/Air       #.......     95%         3    ####...
 Airstrike                Air            #.........   100%        4    #####..
 Animate Dead             Necr           N/A          100%        4    #####..
 Petrify                  Tmut/Erth      #.......     100%        4    #####..
 Borgnjor's Vile Clutch   Necr/Erth      #.........   100%        5    ######.
 Lightning Bolt           Conj/Air       #.........   100%        5    ######.
 Metabolic Englaciation   Hex/Ice        #.........   100%        5    ######.
 Yara's Violent Unravell  Hex/Tmut       #.........   100%        5    ######.
 Death Channel            Necr           #.........   100%        6    #######
 Simulacrum               Ice/Necr       #.........   100%        6    #######


Dungeon Overview and Level Annotations

Branches:
Dungeon (11/15)            Temple (0/1) D:6            Lair (0/6) D:11
    Orc (0/2) D:10          Sewer (visited)         Ossuary (visited)

Altars:
Ashenzari
Gozag
Qazlal
Sif Muna
Vehumet
Wu Jian
The Shining One

Shops:
D:4 =*(*%   D:10 *

Annotations:
D:11 Harold


Innate Abilities, Weirdness & Mutations

You are too large for most types of armour.
You have claws for hands.
Your metabolism is lightning-fast.
You like to eat raw meat.
Your natural rate of healing is unusually fast.
You are covered in fur. (AC +1)
You have extremely tough skin. (AC +3)
You are robust. (+10% HP)
You expend magic power (3 MP) to strengthen your wands.


Message History

The harpoon shot hits the warg.
You block the warg's attack.
You hear a shout!
You scratch something. Something hits you but does no damage.
You block the warg's attack. The orc barely misses you. Something hits you!
* * * LOW HITPOINT WARNING * * *
A magic dart appears from out of thin air!
The magic dart hits the warg!
Harold says, "Do you have any idea what people are willing to pay to have you killed, RUZZLEFAZAZZLE?"
You block the warg's attack.
Okay, then.
You feel better. You block the warg's attack.
Harold throws a throwing net.
The throwing net hits you.
You become entangled in the net!
The warg bites you.
* * * LOW HITPOINT WARNING * * *
The orc barely misses you.
As you read the scroll of teleportation, it crumbles to dust.
You feel strangely unstable. The warg bites you!
* * * LOW HITPOINT WARNING * * *
The warg bites you!
You die...

###########
#.........#
#.........#
#.........#
#......'####
#######...YY.#....
#.........){.#....
###@#####...ggY#..##
###..hh.####.Y...#..#
#..@.o(...##.....#..#
#.......)...#.#####..#
..........S....# #..#
.....o.>...o......
#..##
..........o....###
#.... .#..P........#.#
#.... ##.........##.#
##


You could see Harold, 2 wargs, a water moccasin (wandering), 2 orc priests and 2
orcs.

Vanquished Creatures
  A spiny frog (shapeshifter) (D:8)
  A centaur skeleton (D:11)
  The ghost of H0rd4k the Insei, a novice OpTm of Gozag (D:6)
  4 trolls
  A hornet (D:8)
  3 hippogriffs
  2 wraiths (D:10)
  9 yaks
  4 hungry ghosts
  A steam dragon (D:11)
  Menkaure (D:7)
  2 soldier ants
  3 orc warriors
  An ice beast (D:7)
  An eye of draining (D:9)
  A sky beast (D:7)
  2 phantoms
  4 ogres
  A crocodile (Sewer)
  4 centaurs
  10 big kobolds
  3 bullfrogs
  A wyvern zombie (D:7)
  4 scorpions
  2 troll zombies (D:10)
  5 howler monkeys
  8 crimson imps
  A bullfrog zombie (D:6)
  3 hounds
  4 jellies
  A quasit (D:10)
  2 orc priests
  A gnoll shaman (D:9)
  10 orc wizards
  2 bullfrog skeletons
  An iguana (D:8)
  7 worker ants
  4 big kobold zombies (Ossuary)
  6 ogre zombies (D:10)
  2 mummies (Ossuary)
  2 worker ant zombies
  8 gnolls
  10 adders
  2 shadow imps
  10 adder zombies
  3 adder skeletons
  4 worms
  A dart slug (D:1)
  11 leopard geckos
  30 orcs
  A ball python (D:3)
  4 giant cockroaches
  3 gnoll zombies (Ossuary)
  7 goblins
  7 hobgoblins
  3 jackals
  A quokka (D:3)
  7 bats
  4 frilled lizards
  A goblin skeleton (D:10)
  5 goblin zombies (D:10)
  2 hobgoblin skeletons (D:10)
  5 hobgoblin zombies
  16 kobolds
  3 kobold zombies (Ossuary)
  2 orc skeletons (D:10)
  16 orc zombies
  3 quokka skeletons
  6 rats
  3 plants (D:5)
304 creatures vanquished.

Notes
Turn   | Place    | Note
-------+----------+-------------------------------------------
     0 | D:1      | RUZZLEFAZAZZLE the Troll Monk began the quest for the Orb.
     0 | D:1      | Reached XP level 1. HP: 22/22 MP: 0/0
   160 | D:1      | Reached XP level 2. HP: 28/29 MP: 1/1
   687 | D:2      | Reached XP level 3. HP: 21/36 MP: 2/2
  1012 | D:2      | Reached skill level 1 in Armour
  1381 | D:3      | Found a glowing drain.
  1400 | Sewer    | Entered a sewer
  1455 | Sewer    | Noticed a crocodile
  1461 | Sewer    | Killed a crocodile
  1461 | Sewer    | Reached skill level 1 in Shields
  1461 | Sewer    | Reached XP level 4. HP: 39/45 MP: 3/3
  1461 | Sewer    | Reached XP level 5. HP: 46/53 MP: 4/4
  1675 | D:3      | Found a stormy altar of Qazlal.
  1713 | D:3      | Found a shattered altar of Ashenzari.
  2090 | D:4      | Found Pusuliy's Jewellery Shop.
  2094 | D:4      | Found Imat's Assorted Antiques.
  2123 | D:4      | Noticed an ogre
  2125 | D:4      | Noticed an ogre
  2128 | D:4      | Killed an ogre
  2128 | D:4      | Reached skill level 4 in Unarmed Combat
  2128 | D:4      | Reached XP level 6. HP: 53/61 MP: 5/5
  2301 | D:4      | Found an ornate altar of the Wu Jian Council.
  2622 | D:4      | Found Zathrus's Food Shoppe.
  2732 | D:4      | Found Coczeto's Weapon Shop.
  2763 | D:4      | Found Fuceon's Assorted Antiques.
  2769 | D:4      | Bought a scroll labeled HYRICZ ZY HEIM for 31 gold pieces
  2769 | D:4      | Bought a scroll labeled WIMNAC QITIMMEY for 31 gold pieces
  2769 | D:4      | Bought a scroll of identify for 62 gold pieces
  2950 | D:5      | Entered Level 5 of the Dungeon
  2976 | D:5      | Reached XP level 7. HP: 22/68 MP: 6/6
  3496 | D:5      | Reached skill level 5 in Unarmed Combat
  3684 | D:5      | Reached XP level 8. HP: 76/78 MP: 7/7
  4256 | D:6      | Found a staircase to the Ecumenical Temple.
  4345 | D:6      | Got a faintly glowing silver ring
  4405 | D:6      | Identified the ring "Aviufef" {+Inv +Fly rN+ Int+4 Stlth+}
                  | (You found it on level 6 of the Dungeon)
  4575 | D:6      | Found a shimmering blue altar of Sif Muna.
  4846 | D:6      | Found a runed translucent gate.
  4846 | D:6      | Found a runed translucent gate.
  4846 | D:6      | Found a runed translucent gate.
  4847 | D:6      | Identified the cursed +2 dagger "Soodaics" {elec, MR+}
  4848 | D:6      | Noticed H0rd4k's ghost (novice OpTm)
  5079 | D:6      | Killed H0rd4k's ghost
  5079 | D:6      | Reached skill level 5 in Fighting
  5079 | D:6      | Reached skill level 5 in Dodging
  5079 | D:6      | Reached skill level 6 in Unarmed Combat
  5079 | D:6      | Reached XP level 9. HP: 78/88 MP: 8/8
  5363 | D:7      | Gained mutation: You can translocate small distances at
                  | will. [potion of mutation]
  5363 | D:7      | Gained mutation: You have sharp toenails. [potion of
                  | mutation]
  5364 | D:7      | Found a glowing golden altar of the Shining One.
  5371 | D:7      | Found an opulent altar of Gozag.
  5402 | D:7      | Found a radiant altar of Vehumet.
  5625 | D:7      | Noticed Menkaure
  5634 | D:7      | Killed Menkaure
  5828 | D:7      | Reached skill level 5 in Armour
  5934 | D:8      | Reached skill level 7 in Unarmed Combat
  5952 | D:8      | Reached skill level 5 in Shields
  6032 | D:8      | Found a sand-covered staircase.
  6037 | Ossuary  | Entered an ossuary
  6246 | D:8      | Lost mutation: You can translocate small distances at will.
                  | [potion of mutation]
  6246 | D:8      | Lost mutation: You have sharp toenails. [potion of
                  | mutation]
  6246 | D:8      | Gained mutation: You are robust. (+10% HP) [potion of
                  | mutation]
  6246 | D:8      | Gained mutation: You expend magic power (3 MP) to
                  | strengthen your wands. [potion of mutation]
  6289 | D:8      | Reached XP level 10. HP: 90/107 MP: 9/9
  6621 | D:8      | Paralysed by a hornet for 1 turns
  6649 | D:7      | HP: 5/107 [poisoned by a soldier ant]
  6654 | D:7      | HP: 3/107 [poisoned by a soldier ant]
  6659 | D:7      | HP: 4/107 [poisoned by a soldier ant]
  6664 | D:7      | HP: 4/107 [poisoned by a soldier ant]
  7001 | D:9      | Noticed a spiny frog
  7011 | D:8      | Killed a spiny frog
  7479 | D:9      | Reached skill level 8 in Unarmed Combat
  8001 | D:10     | Entered Level 10 of the Dungeon
  8001 | D:10     | Found Wygycaopa's Assorted Antiques.
  8008 | D:10     | Bought a brightly glowing robe for 125 gold pieces
  8018 | D:10     | Identified the cursed +0 robe of the Slightly Bent {Harm
                  | rC+ Regen+} (You bought it in a shop on level 10 of the
                  | Dungeon)
  8046 | D:10     | Reached XP level 11. HP: 96/117 MP: 10/10
  8251 | D:10     | Found a staircase to the Orcish Mines.
  8970 | D:11     | Found a staircase to the Lair.
  8970 | D:11     | Identified the +6 spear "Ukek" {freeze, rN+ Dex+2 SInv}
  8975 | D:11     | Noticed Harold
  8977 | D:11     | HP: 4/119 [water moccasin (3)]
  8983 | D:11     | Slain by a warg

Illustrated notes

Levels and vault maps discovered:
D:1:      minmay_arrival_up_and_down, layout_basic
D:2:      cheibrodos_helix_gallery, layout_basic, corexii_corridor_pit
D:3:      layout_rooms, grunt_qazlal_sundering, cheibrodos_sewer_entry_sluice,
          minivault_19, nicolae_ashenzari_panopticon
D:4:      layout_loops_corners, kennysheep_little_box, serial_shops, shop,
          nicolae_shop_overgrown_old_shop, nicolae_shop_behind_doors,
          nicolae_shop_waterfront, nicolae_shop_crystal
D:5:      layout_loops_ring, first_ration, serial_bayou_lagoon_a,
          minmay_fractal_squares_5
D:6:      layout_basic, lemuel_round_altar, minmay_temple_entry_slanted,
          gammafunk_ghost_nasty_kobolds, serial_corexii_hall,
          corexii_hall_statues_deadend, corexii_hall_statues_l
D:7:      layout_rooms, overflow_temple_1_default,
          chequers_temple_overflow_statue_of_worship, nrook_campfire,
          uniq_menkaure
D:8:      layout_rooms, enter_ossuary_5, hangedman_pestilent_swarm
D:9:      layout_rooms, minmay_misc_feat_secret_circle
D:10:     layout_roguey, zombieorc2_lemuel, serial_shops,
          nicolae_shop_overgrown_old_shop
D:11:     layout_basic, erik_lair_orcish_takeover, enter_bailey_8,
          kennysheep_pointless_box, uniq_harold

Skill      XL: |  1  2  3  4  5  6  7  8  9 10 11 |
---------------+----------------------------------+-----
Armour         | 1 2 3 4 5 6 |  6.5
Fighting       | 3 4 5 6 7 |  7.1
Dodging        | 3 4 5 6 7 |  7.2
Shields        | 1 2 3 4 5 6 |  6.5
Unarmed Combat | 4 5 6 7 8 |  8.6
Stealth        | |  1.0

Action                   |  1- 3 |  4- 6 |  7- 9 | 10-12 || total
-------------------------+-------+-------+-------+-------++-------
Melee: Unarmed           |   100 |   109 |   399 |   354 ||   962
       Punch             |     1 |       |       |       ||     1
       Kick              |       |       |    63 |       ||    63
 Abil: Blink             |       |       |     1 |       ||     1
  Use: Potion            |     2 |     4 |     8 |     8 ||    22
       Scroll            |     1 |    10 |     8 |     6 ||    25
 Stab: Sleeping          |     1 |     2 |     4 |     3 ||    10
       Invisible         |       |       |       |     1 ||     1
  Eat: Chunk             |    17 |    16 |    30 |    34 ||    97
       Ration            |       |       |       |     1 ||     1
Armor: Robe              |    58 |    37 |    78 |    35 ||   208
       Skin              |       |       |       |    49 ||    49
       Troll leather arm |       |       |       |    68 ||    68
Dodge: Dodged            |    51 |    31 |   133 |   161 ||   376
Block: Kite shield       |    21 |    50 |   178 |   253 ||   502
